 Dungeon Crawl Stone Soup version 0.22-a0-614-g34fbaa0 (webtiles) character file.

4062 EloyTheNewbi the Basher (level 10, 0/59 HPs)
             Began as a Gargoyle Fighter on July 13, 2018.
             Was a Priest of Okawaru.
             Killed by mirror damage (6 damage)
             ... on level 9 of the Dungeon on July 14, 2018.
             The game lasted 00:47:05 (8556 turns).

EloyTheNewbi the Basher (Gargoyle Fighter)          Turns: 8556, Time: 00:47:06

Health: 0/59       AC: 23    Str: 21    XL:     10   Next: 25%
Magic:  12/12      EV:  7    Int:  8    God:    Okawaru [***...]
Gold:   493        SH: 11    Dex: 12    Spells: 7/9 levels left

rFire    . . .     SeeInvis .   a - +2 flail
rCold    . . .     Gourm    .   c - +0 shield
rNeg     + . .     Faith    .   s - +2 chain mail {rPois}
rPois    ∞         Spirit   .   v - +2 hat
rElec    +         Reflect  .   l - +0 cloak
rCorr    .         Harm     .   (no gloves)
MR       .....                  (no boots)
Stlth    ..........             (no amulet)
HPRegen  0.19/turn              w - ring of wizardry
MPRegen  0.13/turn              p - ring of stealth

@: no status effects
A: negative energy resistance 1, electricity resistance, unbreathing,
petrification resistance, rot immunity, AC +7
a: Heroism, Renounce Religion


You were on level 9 of the Dungeon.
You worshipped Okawaru.
Okawaru was most pleased with you.
You were not hungry.

You visited 2 branches of the dungeon, and saw 10 of its levels.
You also visited: Sewer.

You collected 549 gold pieces.
You spent 56 gold pieces at shops.

Inventory:

Hand Weapons
 a - a +2 flail (weapon)
Missiles
 i - 185 stones (quivered)
Armour
 c - a +0 shield (worn)
 l - a +0 cloak (worn)
 s - a +2 chain mail of poison resistance (worn)
 v - a +2 hat (worn)
Jewellery
 p - a ring of stealth (right hand)
 w - a ring of wizardry (left hand)
Wands
 b - a wand of flame (10)
 o - a wand of enslavement (5)
Scrolls
 m - 2 scrolls of remove curse
 x - a scroll of silence
Potions
 e - 5 potions of haste
 h - a potion of magic
 k - a potion of berserk rage
 n - 2 potions of brilliance
 r - 2 potions of flight
 t - 2 potions of curing
Comestibles
 d - a chunk of flesh
 f - 13 rations


   Skills:
 + Level 5.2 Fighting
 * Level 9.5 Maces & Flails
 + Level 0.8 Throwing
 * Level 7.7 Armour
 + Level 1.1 Dodging
 + Level 0.8 Stealth
 * Level 7.2 Shields
 * Level 4.1 Hexes
 * Level 2.9 Invocations


You had 7 spell levels left.
You knew the following spells:

 Your Spells              Type           Power        Failure   Level  Hunger
a - Confusing Touch       Hex            #.....       52%         1    ##.....
b - Corona                Hex            #......      52%         1    ##.....

Your spell library contained the following spells:

 Spells                   Type           Power        Failure   Level  Hunger
 Fireball                 Conj/Fire      #.........   100%        5    ######.
 Apportation              Tloc           #.....       96%         1    ##.....
 Confuse                  Hex            #.......     86%         3    ####...
 Throw Flame              Conj/Fire      #.....       99%         2    ###....
 Summon Small Mammal      Summ           #...         96%         1    ##.....
 Animate Skeleton         Necr           N/A          96%         1    ##.....
 Tukima's Dance           Hex            #.......     86%         3    ####...
 Flame Tongue             Conj/Fire      #....        96%         1    ##.....
 Sticks to Snakes         Tmut           #.......     99%         2    ###....
 Ensorcelled Hibernation  Hex/Ice        #.....       90%         2    ###....
 Metabolic Englaciation   Hex/Ice        #.........   100%        5    ######.
 Sandblast                Erth           #.....       96%         1    ##.....
 Petrify                  Tmut/Erth      #.......     100%        4    #####..
 Dazzling Spray           Conj/Hex       #.....       98%         3    ####...
 Hydra Form               Tmut           #.........   100%        6    #######
 Gell's Gravitas          Tloc           #.........   100%        3    ####...
 Yara's Violent Unravell  Hex/Tmut       #.........   100%        5    ######.


Dungeon Overview and Level Annotations

Branches:
Dungeon (9/15)             Temple (1/1) D:5
   Lair: D:8-11         Orc: D:9-12

Altars:
Ashenzari
Cheibriados
Dithmenos
Elyvilon
Fedhas
Gozag
Hepliaklqana
Kikubaaqudgha
Makhleb
Nemelex Xobeh
Okawaru
Qazlal
Ru
Sif Muna
Trog
Uskayaw
Vehumet
Wu Jian
Xom
Yredelemnul
Zin
The Shining One

Shops:
D:6 ?[[(


Innate Abilities, Weirdness & Mutations

You are resistant to torment.
Your stone body is resilient. (AC +7)
You are immune to poison.
You resist negative energy. (rN+)
You are resistant to electric shocks. (rElec)
You can survive without breathing.
You are immune to petrification.
You are immune to rotting.


Message History

The wight barely misses you.
The death knight hits you but does no damage.
The wight hits you with a falchion of freezing.
* * * LOW HITPOINT WARNING * * *
The wight freezes you.
* * * LOW HITPOINT WARNING * * *
You hit the death knight but do no damage.
The death knight is severely wounded.
The wight hits you but does no damage. You block the wight's attack.
You block the death knight's attack.
You thump the death knight!
The death knight is severely wounded.
The death knight reflects your damage back at you!
* * * LOW HITPOINT WARNING * * *
You block the wight's attack. The wight hits you with a war axe.
* * * LOW HITPOINT WARNING * * *
You sock the death knight!
The death knight is almost dead.
The death knight reflects your damage back at you!
You die...

#### #... #.##
#########.# #######
.......<..# .......
#########.#
......z##############.#
#z@p)).)§.§§§§...#
################g# #†#
#.## #####p..
#≈≈≈≈≈≈≈g≈ ≈#######.(
#.. #..


You could see a death knight and 2 wights.

Vanquished Creatures
  A two-headed ogre (D:8)
  A spriggan (D:7)
  2 hungry ghosts
  A basilisk (D:8)
  2 phantoms
  A sky beast (D:7)
  2 black bears
  An ice beast (D:9)
  5 centaurs
  3 bullfrogs
  A big kobold (Sewer)
  3 scorpions
  A water moccasin skeleton (D:4)
  3 killer bees
  10 howler monkeys
  A crimson imp (D:7)
  A bullfrog zombie (D:7)
  An orc priest (D:3)
  A bullfrog skeleton (D:5)
  A centaur skeleton (D:7)
  4 hounds
  2 iguanas
  8 orc wizards
  5 worker ants
  A killer bee zombie (D:8)
  A worker ant zombie (D:7)
  6 gnolls
  5 adders
  A howler monkey skeleton (D:4)
  2 oozes (D:5)
  An adder zombie (D:5)
  4 worms
  2 dart slugs
  3 leopard geckos
  19 orcs
  6 giant cockroaches
  2 gnoll zombies (D:2)
  10 goblins
  6 hobgoblins
  7 jackals
  2 quokkas
  3 ball pythons (D:1)
  A ball python skeleton (D:4)
  11 bats
  A frilled lizard (D:2)
  10 kobolds
  A leopard gecko skeleton (D:4)
  2 leopard gecko zombies (D:5)
  12 rats
180 creatures vanquished.

Vanquished Creatures (others)
  A killer bee (D:7)
  2 wights (D:9)
3 creatures vanquished.

Grand Total: 183 creatures vanquished

Notes
Turn   | Place    | Note
-------+----------+-------------------------------------------
     0 | D:1      | EloyTheNewbi the Gargoyle Fighter began the quest for the Orb.
     0 | D:1      | Reached XP level 1. HP: 14/14 MP: 1/1
    94 | D:1      | Reached XP level 2. HP: 13/19 MP: 2/2
   461 | D:1      | Reached XP level 3. HP: 19/23 MP: 3/3
   808 | D:2      | Found a shadowy altar of Dithmenos.
   857 | D:2      | Reached skill level 3 in Maces & Flails
   935 | D:2      | Found a hazy altar of Hepliaklqana.
  1180 | D:2      | Found a basalt altar of Yredelemnul.
  1550 | D:3      | Reached XP level 4. HP: 28/28 MP: 4/4
  1996 | D:2      | Reached skill level 4 in Maces & Flails
  1996 | D:2      | Reached XP level 5. HP: 12/33 MP: 5/5
  2441 | D:3      | Reached XP level 6. HP: 38/38 MP: 6/6
  2706 | D:3      | Found an ancient bone altar of Kikubaaqudgha.
  2973 | D:4      | Learned a level 1 spell: Confusing Touch
  3030 | D:4      | Reached skill level 1 in Hexes
  3283 | D:4      | Reached skill level 5 in Maces & Flails
  3484 | D:4      | Reached XP level 7. HP: 42/42 MP: 7/7
  3868 | D:4      | Reached skill level 5 in Armour
  3879 | D:4      | Identified Kuduypuk's Handbook of the Volcanoes and Transmutation
  4144 | D:4      | Found a sacrificial altar of Ru.
  4178 | D:5      | Entered Level 5 of the Dungeon
  4294 | D:5      | Reached skill level 6 in Maces & Flails
  4585 | D:5      | Reached XP level 8. HP: 47/48 MP: 8/8
  4780 | D:4      | Reached skill level 5 in Shields
  4884 | D:5      | Found a staircase to the Ecumenical Temple.
  4907 | Temple   | Entered the Ecumenical Temple
  5010 | Temple   | Became a worshipper of Warmaster Okawaru
  5784 | D:6      | Found a glowing drain.
  5790 | Sewer    | Entered a sewer
  5871 | Sewer    | Reached skill level 7 in Maces & Flails
  5940 | Sewer    | Found a glowing silver altar of Zin.
  6211 | D:6      | Found Tuudih's Weapon Shoppe.
  6222 | D:6      | Found Nyitet's Antique Armour Emporium.
  6235 | D:6      | Found Yramaji's Antique Armour Shoppe.
  6356 | D:6      | Found Rynkaats's Magic Scroll Shop.
  6366 | D:6      | Bought a scroll of identify for 28 gold pieces
  6366 | D:6      | Bought a scroll of identify for 28 gold pieces
  6376 | D:6      | Found a blossoming altar of Fedhas.
  6609 | D:7      | Noticed a spriggan baker
  6632 | D:7      | Killed a spriggan baker
  6743 | D:7      | Found a sparkling altar of Nemelex Xobeh.
  6874 | D:7      | Reached XP level 9. HP: 52/52 MP: 9/9
  6960 | D:6      | Reached * piety under Okawaru
  7173 | D:6      | Reached skill level 8 in Maces & Flails
  7173 | D:6      | Reached skill level 1 in Dodging
  7231 | D:7      | Reached skill level 1 in Invocations
  7550 | D:7      | Noticed a moth of wrath
  7554 | D:7      | Found a bloodstained altar of Trog.
  7662 | D:7      | Found a white marble altar of Elyvilon.
  7912 | D:8      | Reached ** piety under Okawaru
  7943 | D:8      | Noticed a two-headed ogre
  7963 | D:8      | Killed a two-headed ogre
  7993 | D:8      | Found an ornate altar of the Wu Jian Council.
  8008 | D:8      | Learned a level 1 spell: Corona
  8138 | D:8      | Reached skill level 9 in Maces & Flails
  8138 | D:8      | Reached XP level 10. HP: 50/58 MP: 11/11
  8143 | D:8      | Reached skill level 5 in Fighting
  8166 | D:8      | Found a deep blue altar of Sif Muna.
  8257 | D:8      | Found a glowing golden altar of the Shining One.
  8360 | D:8      | Identified Sif Muna's Compendium of the Quahog
  8487 | D:9      | Reached *** piety under Okawaru
  8488 | D:9      | Noticed a death knight
  8556 | D:9      | Killed by mirror damage

Vault maps used:
D:1:      lemuel_arrival_rhombus
D:2:      overflow_temple_1_default, lemuel_zombie_altar_yredelemnul,
          first_ration, nicolae_dithmenos_through_a_glass_darkly
D:3:      kiku_gazebo_pond_becter
D:4:      nicolae_ru_path_of_blood
D:5:      minmay_temple_entry_overgrown
D:6:      kennysheep_little_box, portal_sewer_entry_e, serial_shops, shop,
          nicolae_shop_waterfront, shop_scrolls, shop_fountains
D:7:      nemelex_xobeh_ov_fountains_minmay, lemuel_crystal_altar, minmay_holes,
          the_bakery, tgw_trog
D:8:      led_sif_book, overflow_temple_1_default, lemuel_round_altar,
          erik_lair_dragon, st_stairs_12
D:9:      cheibrodos_ideogram_h
Temple:   minmay_temple_curvy_loop
Sewer:    sewer_kobolds

Skill      XL: |  1  2  3  4  5  6  7  8  9 10 |
---------------+-------------------------------+-----
Maces & Flails | 3 4 5 6 7 9 |  9.5
Armour         | 4 5 6 7 |  7.7
Shields        | 4 5 6 7 |  7.2
Hexes          | 1 2 3 4 |  4.1
Fighting       | 4 5 |  5.2
Dodging        | 1 |  1.1
Invocations    | 2 |  2.9
Throwing       | |  0.8
Stealth        | |  0.8

Action                   |  1- 3 |  4- 6 |  7- 9 | 10-12 || total
-------------------------+-------+-------+-------+-------++-------
Melee: Flail             |   164 |   216 |   537 |    88 ||  1005
Throw: Stone             |     5 |     3 |     1 |    38 ||    47
 Cast: Corona            |       |       |       |     2 ||     2
Invok: Heroism           |       |       |     1 |       ||     1
Evoke: Wand              |       |       |     1 |     5 ||     6
  Use: Scroll            |     9 |     7 |    11 |     3 ||    30
       Potion            |       |       |     4 |     5 ||     9
 Stab: Invisible         |       |       |     2 |       ||     2
       Fleeing           |       |       |       |     1 ||     1
  Eat: Chunk             |     2 |     3 |    15 |     1 ||    21
       Ration            |       |     1 |     4 |       ||     5
Armor: Scale mail        |    84 |   100 |       |       ||   184
       Chain mail        |       |    40 |   381 |    46 ||   467
Dodge: Dodged            |    67 |    56 |   109 |    15 ||   247
Block: Shield            |   103 |   131 |   246 |    54 ||   534

Table legend:
 A = Spawn XP
 B = Non-spawn XP
 C = Spawn XP percentage of total XP
 D = Spawn monster count
 E = Non-spawn monster count
 F = Spawn count percentage of total count
 G = Total turns spent on level
                    A         B        C        D         E        F      G
               +---------+---------+-------+---------+---------+-------+---------
         Total |       0 |    5803 |   0.0 |       0 |     180 |   0.0 |  8556
               +---------+---------+-------+---------+---------+-------+---------
           D:1 |       0 |      39 |   0.0 |       0 |      23 |   0.0 |   606
           D:2 |       0 |      77 |   0.0 |       0 |      24 |   0.0 |  1296
           D:3 |       0 |     217 |   0.0 |       0 |      31 |   0.0 |  1020
           D:4 |       0 |     493 |   0.0 |       0 |      21 |   0.0 |  1349
           D:5 |       0 |     517 |   0.0 |       0 |      20 |   0.0 |  1051
           D:6 |       0 |     602 |   0.0 |       0 |       9 |   0.0 |  1022
           D:7 |       0 |    1387 |   0.0 |       0 |      24 |   0.0 |  1068
           D:8 |       0 |    1770 |   0.0 |       0 |      14 |   0.0 |   495
           D:9 |       0 |     596 |   0.0 |       0 |       6 |   0.0 |   171
         Sewer |       0 |     105 |   0.0 |       0 |       8 |   0.0 |   259
               +---------+---------+-------+---------+---------+-------+---------
